 Dungeon Crawl Stone Soup version 0.30-a0-29-g142975f185 (webtiles) character file.

Game seed: 6961473245600756789

157 purpskrrrp the Slasher (level 5, 0/44 HPs)
             Began as a Palentonga Fighter on Aug 26, 2022.
             Was a Plaything of Xom.
             Slain by a gnoll
             ... wielding a +0 flail
              (4 damage)
             ... on level 2 of the Dungeon.
             The game lasted 00:06:52 (2073 turns).

purpskrrrp the Slasher (Palentonga Fighter)         Turns: 2073, Time: 00:06:52

Health: 0/44       AC:  9    Str: 22    XL:     5   Next: 15%
Magic:  5/5        EV:  7    Int:  8    God:    Xom [....*.]
Gold:   106        SH:  4    Dex: 11    Spells: 4/4 levels left

rFire   . . .      SeeInvis +    a - +0 long sword
rCold   . . .      Faith    .    c - +0 buckler
rNeg    . . .      Spirit   .    b - +0 scale mail
rPois   .          Reflect  .    n - +0 helmet
rElec   .          Harm     .    (no cloak)
rCorr   .          Rampage  .    u - +0 pair of gloves
Will    .....                    (no barding)
Stlth   ..........               (no amulet)
HPRegen 0.14/turn                (no ring)
MPRegen 0.09/turn                (no ring)

@: no status effects
A: large, rugged brown scales 3, see invisible, deformed body, roll 1, armoured
tail
a: Rolling Charge, Renounce Religion


You were on level 2 of the Dungeon.
You worshipped Xom.
You were a beloved toy of Xom.
You visited 1 branch of the dungeon, and saw 3 of its levels.

You collected 106 gold pieces.

Inventory:

Hand Weapons
 a - a +0 long sword (weapon)
Missiles
 e - a throwing net
 w - 3 boomerangs
Armour
 b - a +0 scale mail (worn)
 c - a +0 buckler (worn)
 n - a +0 helmet (worn)
 u - a +0 pair of gloves (worn)
Jewellery
 k - a +4 ring of evasion
Wands
 v - a wand of roots (3)
Scrolls
 f - a scroll of fog {unknown}
 g - a scroll of summoning {unknown}
 h - 7 scrolls of identify {unknown}
 i - a scroll of magic mapping {unknown}
 j - a scroll of enchant weapon {unknown}
 l - 2 scrolls of immolation {unknown}
 m - a scroll of amnesia {unknown}
 p - a scroll of vulnerability {unknown}
 s - 2 scrolls of teleportation {unknown}
Potions
 d - a potion of might
 o - 3 potions of degeneration {unknown}
 q - a potion of lignification {unknown}
 r - a potion of attraction {unknown}
 t - a potion of cancellation {unknown}


   Skills:
 + Level 3.7 Fighting
 * Level 3.7 Long Blades
 + Level 3.0 Armour
 + Level 3.4 Shields


You had 4 spell levels left.
You didn't know any spells.
Your spell library contained the following spells:

 Spells                   Type           Power      Damage    Failure   Level
 Conjure Flame            Conj/Fire      0%         6-21      99%         3
 Dazzling Flash           Conj/Hex       0%         N/A       99%         3
 Ignite Poison            Fire/Tmut/Pois 0%         N/A       99%         3
 Sticky Flame             Conj/Fire      0%         2d3       100%        4
 Agony                    Necr           0%         N/A       100%        5
 Silence                  Hex/Air        0%         N/A       100%        5


Dungeon Overview and Level Annotations

Branches:
Dungeon (3/15)

Altars:
Xom

Shops:
D:1 :


Innate Abilities, Weirdness & Mutations

You are completely covered in rugged brown scales. (AC +3, +7% HP)
You have supernaturally acute eyesight. (SInv)
Armour fits poorly on your strangely shaped body.
You can roll at nearby foes to attack.
You have a long armoured tail.


Message History

The puff of flame hits you. The orc wizard barely misses you.
You hit the orc wizard but do no damage.
The orc wizard is almost dead.
The orc wizard hits you but does no damage. x2
You hit the orc wizard.
Your tail-slap misses the orc wizard.
The orc wizard is almost dead.
The orc wizard hits you with a +0 dagger of speed.
A gnoll comes into view. It is wielding a +0 flail.
The orc wizard hits you with a +0 dagger of speed.
You hit the orc wizard.
You kill the orc wizard!
You have reached level 5!
You hit the gnoll.
Your tail-slap misses the gnoll.
The gnoll is lightly wounded.
You block the gnoll's attack.
You barely miss the gnoll.
The gnoll is lightly wounded.
The gnoll hits you with a +0 flail!
* * * LOW HITPOINT WARNING * * *
The gnoll hits you with a +0 flail.
* * * LOW HITPOINT WARNING * * *
The gnoll attacks as you move away! The gnoll hits you but does no damage.
There is an escape hatch in the ceiling here.
The gnoll hits you with a +0 flail.
* * * LOW HITPOINT WARNING * * *
A mysterious force pulls you upwards. The hatch slams shut behind you.
You hit the gnoll but do no damage.
Your tail-slap misses the gnoll.
The gnoll is lightly wounded.
The gnoll barely misses you.
You closely miss the gnoll.
The gnoll is lightly wounded.
The gnoll hits you but does no damage.
You hit the gnoll.
The gnoll is heavily wounded.
You block the gnoll's attack.
You barely miss the gnoll. You tail-slap the gnoll.
The gnoll is severely wounded.
The gnoll hits you with a +0 flail.
You die... "What!?
That's it?"

....'......###.#
#######
....####...###.####
####.... ....#
######.....#
###....... ....#
#.....## #...###.##
##### #......# #.###
#.#. #......# #.#
#... ######.#
#.######## #......##
#.#.......
#...@...####.#.######
#..g....#...)).# #
#######.#.#..).# #
#...#....######
#..##....)...<#
#..############
#>.........)..#
#############.# #.#


You could see a gnoll.

Vanquished Creatures
  An orc priest (D:3)
  An orc wizard (D:3)
  4 gnolls (D:2)
  A worm (D:2)
  2 dart slugs
  7 orcs (D:3)
  2 ball pythons
  3 bats
  5 endoplasms
  2 giant cockroaches (D:1)
  4 goblins
  A hobgoblin (D:2)
  5 kobolds
  3 quokkas
  A frilled lizard (D:3)
  6 rats
48 creatures vanquished.

Notes
Turn   | Place    | Note
-------+----------+-------------------------------------------
     0 | D:1      | purpskrrrp the Palentonga Fighter began the quest for the
                  | Orb.
     0 | D:1      | Reached XP level 1. HP: 19/19 MP: 1/1
   227 | D:1      | Found Weibee Odao's Vocational Training.
   328 | D:1      | Reached XP level 2. HP: 22/25 MP: 2/2
   597 | D:1      | Found a faded altar of an unknown god.
   755 | D:1      | Prayed at the altar of an unknown god.
   755 | D:1      | Became a worshipper of Xom of Chaos
  1049 | D:2      | XOM: potion effect (curing)
  1052 | D:2      | Reached XP level 3. HP: 31/31 MP: 3/3
  1192 | D:2      | Reached XP level 4. HP: 26/37 MP: 4/4
  1542 | D:2      | XOM: scenery: summon butterflies
  1703 | D:3      | HP: 1/37 [orc/+0 hand axe (5)]
  2036 | D:3      | XOM: enchant monster (good)
  2064 | D:3      | Reached XP level 5. HP: 14/44 MP: 5/5
  2073 | D:2      | Slain by a gnoll

Illustrated notes

Levels and vault maps discovered:
D:1:      mrwooster_arrival_arrow, layout_basic,
          chequers_ecumenical_altar_simple_redux, nicolae_shop_vocational
D:2:      layout_basic, chequers_serial_rivers_micro_b
D:3:      layout_basic, st_stairs_4

Skill      XL: |  1  2  3  4 |
---------------+-------------+-----
Shields        | 3 |  3.4
Long Blades    | 3 |  3.7
Armour         | 3 |  3.0
Fighting       | |  3.7

Action                   |  1- 3 |  4- 6 || total
-------------------------+-------+-------++-------
Melee: Long sword        |    98 |    77 ||   175
       Tailslap          |    12 |     9 ||    21
 Abil: Rolling Charge    |     9 |     9 ||    18
  Use: Potion            |       |     1 ||     1
 Stab: Petrifying        |       |     1 ||     1
Armor: Scale mail        |    59 |    38 ||    97
Dodge: Dodged            |    46 |    24 ||    70
Block: Buckler           |    13 |    15 ||    28

Table legend: (Time is in decaauts)
 A = Elapsed time spent in this place.
 B = Non-inter-level travel time spent in this place.
 C = Inter-level travel time spent in this place.
 D = Time resting spent in this place.
 E = Time spent auto-exploring this place.
 F = Levels seen in this place.
 G = Mean time per level.
                   A        B        C        D        E       F      G
               +--------+--------+--------+--------+--------+-----+--------+
         Total |   2125 |   1943 |    182 |      0 |   1560 |   3 |  708.3 |
       Dungeon |   2125 |   1943 |    182 |      0 |   1560 |   3 |  708.3 |
               +--------+--------+--------+--------+--------+-----+--------+

Top non-repeatable levels by time:
     D:1: 921 daAuts
     D:2: 807 daAuts
     D:3: 395 daAuts
